[Event "FIDE World Cup 2013"]
[Site "TromsÃ¸"]
[Date "2013.08.13"]
[Round "1.3"]
[White "Sambuev, Bator"]
[Black "Morozevich, Alexander"]
[Result "0-1"]
[ECO "A48"]
[WhiteElo "2530"]
[BlackElo "2736"]
[PlyCount "98"]
[EventDate "2013.??.??"]
[EventCountry "NOR"]
[TimeControl "1500+10"]

1. d4 Nf6 2. Nf3 g6 3. Bg5 Bg7 4. Nbd2 d5 5. e3 O-O 6. Be2 Nbd7 7. O-O c5 8.
c3 b6 9. Qa4 Bb7 10. Rfd1 a6 11. Qa3 h6 12. Bh4 Rc8 13. Rac1 b5 14. h3 Re8 15. Bg3 c4 16. b3 Nb6 17. Ne5 Nfd7 18. Ndf3 Nf6 19. Nd2 Nfd7 20. Nxd7 Nxd7 21. bxc4 dxc4 22. Bf3 Bxf3 23. Nxf3 Qb6 24. e4 Qb7 25. Re1 Nf6 26. Nd2 Nh5 27. Bh2 e5 28. g4 exd4 29. gxh5 dxc3 30. Nf1 b4 31. Qa5 Qb5 32. Qxb5 axb5 33. e5 b3 34. Rxc3 b4 35.
Rxc4 Rxc4 36. axb3 Rc3 37. hxg6 fxg6 38. Nd2 Rd3 39. Re2 Kf7 40. Kg2 Ke6 41. Ne4 Rc8 42. h4 Rxb3 43. f4 Rd3 44. Bg1 Bf8 45.
h5 gxh5 46. Ng3 b3 47. f5+ Kd5 48. Nxh5 Rc2 49. Nf4+ Kc4 0-1

[Event "FIDE World Cup 2013"]
[Site "TromsÃ¸"]
[Date "2013.08.13"]
[Round "1.3"]
[White "Adhiban, B."]
[Black "Alekseev, Evgeny"]
[Result "1-0"]
[ECO "E10"]
[WhiteElo "2567"]
[BlackElo "2714"]
[PlyCount "80"]
[EventDate "2013.??.??"]
[EventCountry "NOR"]
[TimeControl "1500+10"]

1. d4 Nf6 2. c4 e6 3. Nf3 d5 4. g3 Bb4+ 5. Nc3 O-O 6. Bg2 dxc4 7. O-O Nc6 8.
a3 Be7 9. e4 Na5 10. Qe2 c6 11. Bf4 b5 12. Rad1 Bb7 13. h4 Re8 14. Rfe1 Bf8 15. Bg5 h6 16. e5 hxg5 17. Nxg5 Qe7 18. Qc2 g6 19. exf6 Qxf6 20. Re3 Qg7 21. Rf3 f6 22. Nce4 f5 23. Nc5 Bxc5 24. dxc5 Nb3 25. Rxb3 cxb3 26. Qxb3 Re7 27. Rd6 Rae8 28. Bxc6 Bxc6 29. Rxc6 Qe5 30. Qxb5 Kg7 31. Rd6 f4 32. g4 f3 33. Qb4 Rf8 34. c6 Kg8 35.
Rd7 Ree8 36. Qe4 Qxe4 37. Nxe4 Rf4 38. c7 Rxg4+ 39. Kh2 Rxe4 40. Rd8 Rd4 1-0

[Event "FIDE World Cup 2013"]
[Site "TromsÃ¸"]
[Date "2013.08.13"]
[Round "1.3"]
[White "Amin, Bassem"]
[Black "Safarli, Eltaj"]
[Result "1-0"]
[ECO "B30"]
[WhiteElo "2650"]
[BlackElo "2660"]
[PlyCount "94"]
[EventDate "2013.??.??"]
[EventCountry "NOR"]
[TimeControl "1500+10"]

1. e4 c5 2. Nf3 Nc6 3. d3 g6 4. g3 Bg7 5. Bg2 d6 6. O-O e5 7. c3 Nge7 8. Be3 O-O 9. Nh4 b6 10. f4 exf4 11. gxf4 d5 12. e5 Ba6 13. Re1 d4 14. cxd4 Rc8 15.
dxc5 Nb4 16. Nc3 bxc5 17.
Qa4 Bxd3 18. Rad1 Nec6 19. Bf2 Nd4 20. Rd2 Bc2 21. Qxa7 Nd3 22.
Rxd3 Bxd3 23. Rd1 Bc4 24. Kh1 Qc7 25. Qxc7 Rxc7 26. b3 Be6 27. Ne4 Bd5 28. Nf6+ Bxf6 29. Bxd5 Bxh4 30. Bxh4 Nf5 31. Bf2 Kg7 32. Bc4 f6 33. e6 Re8 34. a4 Kf8 35. a5 Ke7 36. Rd5 Nd4 37.
Bxd4 cxd4 38. Rxd4 Rb8 39. a6 Rxc4 40. Rxc4 Rxb3 41. Ra4 Rb8 42. a7 Ra8 43. Ra6 Kd8 44. Kg2 Kc7 45. Kf3 Kb7 46. Ra2 Kc6 47. f5 Kd5 {Ke4+} 1-0

[Event "FIDE World Cup 2013"]
[Site "TromsÃ¸"]
[Date "2013.08.13"]
[Round "1.3"]
[White "Bologan, Viktor"]
[Black "Hracek, Zbynek"]
[Result "1/2-1/2"]
[ECO "C54"]
[WhiteElo "2672"]
[BlackElo "2635"]
[PlyCount "81"]
[EventDate "2013.??.??"]
[EventCountry "NOR"]
[TimeControl "1500+10"]

1. e4 e5 2. Nf3 Nc6 3. Bc4 Bc5 4. c3 Nf6 5. d4 exd4 6. e5 d5 7. Bb5 Ne4 8.
cxd4 Bb6 9. Nc3 O-O 10. Be3 Bg4 11. h3 Bh5 12. Qb3 Bxf3 13. gxf3 Nxf2 14. Bxf2 Nxd4 15. Bxd4 Qh4+ 16. Kd2 Qxd4+ 17. Kc2 c6 18. Bd3 Rae8 19. Rad1 Qf2+ 20. Kb1 Rxe5 21. Rhf1 Qe3 22. Qc2 Rh5 23. Rde1 Qf4 24. Ne2 Qf6 25. Ng3 Rxh3 26. Qg2 Rh4 27. Nf5 Rh5 28. Rh1 Rxh1 29. Qxh1 g6 30. Qh6 Bd8 31. Rh1 Qh8 32. Qe3 Qf6 33. Nh6+ Kh8 34. Ng4 Qg7 35. Qxa7 f5 36. Nf2 Bf6 37. Nh3 Qe7 38. Qg1 Qb4 39. Qg2 Re8 40. a3 Qd4 41. Rd1 1/2-1/2

[Event "FIDE World Cup 2013"]
[Site "TromsÃ¸"]
[Date "2013.08.13"]
[Round "1.3"]
[White "Cori, Jorge"]
[Black "Radjabov, Teimour"]
[Result "1-0"]
[ECO "E97"]
[WhiteElo "2543"]
[BlackElo "2733"]
[PlyCount "63"]
[EventDate "2013.??.??"]
[EventCountry "NOR"]
[TimeControl "1500+10"]

1. d4 Nf6 2. c4 g6 3. Nc3 Bg7 4. e4 d6 5. Nf3 O-O 6. Be2 e5 7. O-O Nc6 8. d5 Ne7 9. b4 Nh5 10. Re1 f5 11. Ng5 Nf4 12. Bxf4 exf4 13. Rc1 h6 14. Ne6 Bxe6 15. dxe6 Bxc3 16. Rxc3 fxe4 17. Bf1 e3 18. fxe3 fxe3 19. Rcxe3 a5 20. b5 c6 21. bxc6 bxc6 22. Rd3 Qb6+ 23. Kh1 d5 24. cxd5 cxd5 25. Rxd5 Nxd5 26. Qxd5 Rad8 27. Qe4 Rf6 28. e7 Re8 29. Qd5+ Kg7 30. Qe5 Qf2 31. Bb5 Kh7 32. Qa1 1-0

[Event "FIDE World Cup 2013"]
[Site "TromsÃ¸"]
[Date "2013.08.13"]
[Round "1.3"]
[White "Darini, Pouria"]
[Black "Andreikin, Dmitry"]
[Result "0-1"]
[ECO "B12"]
[WhiteElo "2548"]
[BlackElo "2727"]
[PlyCount "88"]
[EventDate "2013.??.??"]
[EventCountry "NOR"]
[TimeControl "1500+10"]

1. e4 c6 2. d4 d5 3. e5 Bf5 4. Nf3 e6 5. Be2 Nd7 6. O-O h6 7. Nbd2 Ne7 8.
Nb3 Nc8 9. a4 Ncb6 10. a5 Nc4 11. Bd3 Bb4 12. Ra4 Be7 13. Bxc4 b5 14. Bxb5 cxb5 15. Ra1 Qc7 16. Ne1 O-O 17. Bd2 b4 18. Nd3 Rfc8 19. Rc1 Qc4 20.
Be3 Qb5 21. Ndc5 Bxc5 22. dxc5 Nxe5 23. Nd4 Qd7 24. Nxf5 exf5 25. c4 bxc3 26. Rxc3 Nc6 27. Rd3 d4 28. Qa4 Rd8 29. Rfd1 Rab8 30. Qa3 Qe6 31. Bf4 Rb5 32. Bd6 a6 33. g3 Re8 34. Qa4 Qe4 35.
b3 Rxa5 36. Qc4 Ra2 37. Qc1 Re2 38. Qf4 Qd5 39. Qf3 Re1+ 40. Rxe1 Rxe1+ 41. Kg2 Re4 42. h4 g5 43. hxg5 hxg5 44. Kg1 Nb4 0-1

[Event "FIDE World Cup 2013"]
[Site "TromsÃ¸"]
[Date "2013.08.13"]
[Round "1.3"]
[White "Dreev, Aleksey"]
[Black "Azarov, Sergei"]
[Result "1-0"]
[ECO "E32"]
[WhiteElo "2668"]
[BlackElo "2636"]
[PlyCount "119"]
[EventDate "2013.??.??"]
[EventCountry "NOR"]
[TimeControl "1500+10"]

1. d4 Nf6 2. c4 e6 3. Nc3 Bb4 4. Qc2 O-O 5. Nf3 c5 6. dxc5 Na6 7. g3 Nxc5 8. Bg2 Nce4 9. O-O Nxc3 10. bxc3 Be7 11. e4 d6 12. e5 dxe5 13.
Nxe5 Qc7 14. Qe2 Nd7 15. Bf4 Nxe5 16. Bxe5 Bd6 17. Rfe1 Rb8 18.
Rad1 Bxe5 19. Qxe5 Qxe5 20. Rxe5 b6 21. c5 bxc5 22. Rxc5 Bb7 23. Rd7 Bxg2 24. Kxg2 a6 25. Ra7 Rfc8 26. Rxc8+ Rxc8 27. Rxa6 g5 28. Ra3 Kg7 29. Kf3 f5 30. Ke3 Kf6 31. Kd3 Rd8+ 32. Kc2 f4 33. c4 e5 34. c5 e4 35. gxf4 gxf4 36. c6 Rc8 37. Rc3 Rc7 38. a4 Ke5 39. Kd2 Kd5 40. h4 h5 41. a5 Kd4 42. a6 e3+ 43. fxe3+ fxe3+ 44. Rxe3 Rxc6 45. Ra3 Rc8 46. a7 Ra8 47. Ra4+ Kc5 48. Ke3 Kb5 49. Ra1 Kb6 50. Kf4 Kb7 51. Kg5 Rg8+ 52. Kxh5 Ka8 53. Ra4 Rc8 54.
Kg6 Rg8+ 55. Kh7 Rc8 56. h5 Rc7+ 57. Kg6 Rc6+ 58. Kg5 Rc5+ 59. Kg4 Rc6 60. Ra5 1-0

[Event "FIDE World Cup 2013"]
[Site "TromsÃ¸"]
[Date "2013.08.13"]
[Round "1.3"]
[White "Felgaer, Ruben"]
[Black "Riazantsev, Alexander"]
[Result "1/2-1/2"]
[ECO "B19"]
[WhiteElo "2586"]
[BlackElo "2708"]
[PlyCount "106"]
[EventDate "2013.??.??"]
[EventCountry "NOR"]
[TimeControl "1500+10"]

1. e4 c6 2. d4 d5 3. Nc3 dxe4 4. Nxe4 Bf5 5. Ng3 Bg6 6. h4 h6 7. Nf3 Nd7 8.
h5 Bh7 9. Bd3 Bxd3 10. Qxd3 e6 11. Bd2 Ngf6 12. O-O-O Bd6 13. Kb1 Qc7 14. Ne4 Nxe4 15. Qxe4 Nf6 16. Qe2 O-O-O 17. g3 Rhe8 18. Ne5 Bxe5 19. dxe5 Nd5 20. c4 Ne7 21. Bc3 c5 22. Qg4 Rxd1+ 23. Rxd1 Rd8 24. Rxd8+ Qxd8 25. Kc2 Qf8 26. Qe4 g6 27. Qf3 gxh5 28. Qxh5 Qg7 29. Kb3 Nc6 30. Qd1 Qf8 31. Qd2 Nb8 32. g4 Nd7 33. a4 Qg7 34. f3 Qg6 35.
Qd6 h5 36. Ba5 b6 37. gxh5 Qxh5 38. Qc6+ Kd8 39. Bc3 a5 40. Qe4 Kc7 41. Qa8 Qf5 42. Qa7+ Kc8 43. Qa8+ Kc7 44. Qa7+ Kd8 45. Qa8+ Ke7 46. Qc6 Qd3 47. Qb7 Qd1+ 48. Ka3 Qd3 49. Kb3 Kf8 50. Qc7 Ke7 51. Qb7 Kd8 52. Qc6 Qd1+ 53. Ka3 Qd3 1/2-1/2

[Event "FIDE World Cup 2013"]
[Site "TromsÃ¸"]
[Date "2013.08.13"]
[Round "1.3"]
[White "Fier, Alexandr"]
[Black "Wojtaszek, Radoslaw"]
[Result "1-0"]
[ECO "A45"]
[WhiteElo "2595"]
[BlackElo "2701"]
[PlyCount "53"]
[EventDate "2013.??.??"]
[EventCountry "NOR"]
[TimeControl "1500+10"]

1. d4 Nf6 2. Bg5 d5 3. Nd2 c6 4. e3 Qb6 5. Rb1 Bf5 6. Bxf6 gxf6 7. Bd3 Bxd3 8. cxd3 e6 9. Ne2 Nd7 10. O-O Bd6 11. b4 a5 12. bxa5 Qc7 13.
f4 Rxa5 14. Rb2 f5 15. e4 fxe4 16. dxe4 dxe4 17. Nxe4 Be7 18. N2g3 h5 19. f5 e5 20. f6 Ba3 21. Rb3 exd4 22. Qe1 Kd8 23. Rxb7 Qe5 24. Rf5 Qxf5 25. Nxf5 Rxf5 26. Ra7 Bf8 27. Qg3 1-0

[Event "FIDE World Cup 2013"]
[Site "TromsÃ¸"]
[Date "2013.08.13"]
[Round "1.3"]
[White "Granda Zuniga, Julio E"]
[Black "Melkumyan, Hrant"]
[Result "1/2-1/2"]
[ECO "A45"]
[WhiteElo "2679"]
[BlackElo "2632"]
[PlyCount "95"]
[EventDate "2013.??.??"]
[EventCountry "NOR"]
[TimeControl "1500+10"]

1. d4 Nf6 2. Bf4 g6 3. Nd2 Bg7 4. e4 O-O 5. e5 Nd5 6. Bg3 d6 7. Ngf3 Nc6 8.
Bc4 dxe5 9. dxe5 Bg4 10. h3 Bxf3 11. Nxf3 Nb6 12. Bb5 Nb4 13. c3 c6 14. Be2 Qxd1+ 15. Rxd1 N4d5 16. c4 Nc7 17. Kd2 a5 18. Kc2 Ne6 19. h4 h6 20. h5 g5 21. Nd4 Nxd4+ 22. Rxd4 e6 23. f4 gxf4 24. Bxf4 a4 25.
Rhd1 Ra5 26. Re4 Rc8 27. Be3 Na8 28. Rd7 Rxe5 29. Rxe5 Bxe5 30.
Rxb7 Kg7 31. Bf3 c5 32. Rb5 Bd6 33. a3 f5 34. g4 f4 35. Bf2 Kf6 36. Bh4+ Ke5 37. Rb7 Nc7 38. Kd3 Ne8 39. Rf7 Bc7 40. Be1 Rd8+ 41. Ke2 Kd4 42.
Bc6 Bd6 43. Bxe8 Rxe8 44. Rd7 Rg8 45. Rxd6+ Ke5 46. Rc6 Rxg4 47. Kf3 Rg8 48. Bc3+ 1/2-1/2

[Event "FIDE World Cup 2013"]
[Site "TromsÃ¸"]
[Date "2013.08.13"]
[Round "1.3"]
[White "Hammer, Jon Ludvig"]
[Black "Movsesian, Sergei"]
[Result "1-0"]
[ECO "E21"]
[WhiteElo "2599"]
[BlackElo "2699"]
[PlyCount "57"]
[EventDate "2013.??.??"]
[EventCountry "NOR"]
[TimeControl "1500+10"]

1. d4 Nf6 2. c4 e6 3. Nc3 Bb4 4. Nf3 b6 5. e3 Bb7 6. Bd3 O-O 7. O-O d5 8.
cxd5 exd5 9. a3 Bd6 10. b4 Nbd7 11. Rb1 c6 12. e4 dxe4 13. Nxe4 Nxe4 14. Bxe4 h6 15. b5 Qc7 16. Bxh6 cxb5 17. Bxb7 Qxb7 18. Rxb5 gxh6 19. Qc1 Qe4 20. Qxh6 Bf4 21. Qh4 f5 22. Re1 Bxh2+ 23. Qxh2 Qg4 24. Re7 Nf6 25. Qh6 Rae8 26. Rxa7 Rf7 27. Rxf7 Kxf7 28. Ng5+ Kg8 29. Qg6+ 1-0

[Event "FIDE World Cup 2013"]
[Site "TromsÃ¸"]
[Date "2013.08.13"]
[Round "1.3"]
[White "Hou, Yifan"]
[Black "Shirov, Alexei"]
[Result "1-0"]
[ECO "B35"]
[WhiteElo "2600"]
[BlackElo "2696"]
[PlyCount "87"]
[EventDate "2013.??.??"]
[EventCountry "NOR"]
[TimeControl "1500+10"]

1. e4 c5 2. Nc3 Nc6 3. Nge2 g6 4. d4 cxd4 5. Nxd4 Bg7 6. Be3 Nf6 7. Bc4 O-O 8. Bb3 d6 9. f3 Bd7 10. Qd2 Nxd4 11. Bxd4 b5 12. a4 bxa4 13.
Bxa4 a5 14. O-O Qc7 15. Rfd1 Rfb8 16. Bxd7 Qxd7 17. b3 Rb4 18. Ne2 Qb7 19. Kh1 Nd7 20. Bxg7 Kxg7 21. Nf4 Nf6 22. Nd3 Rb5 23. Ra4 Rc8 24. Rda1 Qc7 25. Ne1 d5 26. Rxa5 Rxa5 27. Qxa5 dxe4 28. Qxc7 Rxc7 29. Kg1 exf3 30. gxf3 Nd5 31. c4 Nb4 32. Kf2 e5 33. Ke3 Kf6 34. Ra4 Rb7 35. Kd2 Kf5 36. Kc3 Nc6 37. b4 e4 38. fxe4+ Kxe4 39. Nd3 Ke3 40. Ra8 Re7 41. b5 Nd4 42. Nc5 Re5 43. Rc8 Nf5 44. b6 1-0

[Event "FIDE World Cup 2013"]
[Site "TromsÃ¸"]
[Date "2013.08.13"]
[Round "1.3"]
[White "Jobava, Baadur"]
[Black "Kravtsiv, Martyn"]
[Result "1-0"]
[ECO "E53"]
[WhiteElo "2693"]
[BlackElo "2620"]
[PlyCount "93"]
[EventDate "2013.??.??"]
[EventCountry "NOR"]
[TimeControl "1500+10"]

1. d4 Nf6 2. c4 e6 3. Nc3 Bb4 4. e3 O-O 5. Bd3 d5 6. Nf3 c5 7. O-O cxd4 8.
exd4 dxc4 9. Bxc4 b6 10. Bg5 Bb7 11. Rc1 Nbd7 12. Qe2 Rc8 13. Rfd1 Bxf3 14. gxf3 Bxc3 15. Rxc3 Re8 16. Ra3 Qc7 17. Ba6 Qc2 18. Kf1 Qxe2+ 19. Kxe2 Rc7 20. Bf4 Rc2+ 21. Rd2 Rxd2+ 22. Bxd2 h6 23. Bb5 a5 24. Rc3 e5 25. Re3 Re7 26. Bc6 Re6 27. Bxd7 Nxd7 28. dxe5 Nxe5 29. Bc3 Nd7 30. Rxe6 fxe6 31. Kd3 g5 32. Kc4 Kf7 33. Kb5 e5 34.
Bd2 Ke6 35. Be3 Kf5 36. a4 h5 37. Kc6 Nc5 38. Bxc5 bxc5 39. Kxc5 Kf4 40. b4 axb4 41. Kxb4 Kxf3 42. a5 Kxf2 43. a6 Kg2 44. a7 Kxh2 45. a8=Q g4 46. Qh8 g3 47. Qxh5+ 1-0

[Event "FIDE World Cup 2013"]
[Site "TromsÃ¸"]
[Date "2013.08.13"]
[Round "1.3"]
[White "Kobalia, Mikhail"]
[Black "Khismatullin, Denis"]
[Result "1-0"]
[ECO "C67"]
[WhiteElo "2651"]
[BlackElo "2658"]
[PlyCount "79"]
[EventDate "2013.??.??"]
[EventCountry "NOR"]
[TimeControl "1500+10"]

1. e4 e5 2. Nf3 Nc6 3. Bb5 Nf6 4. O-O Nxe4 5. Re1 Nd6 6. Bf1 Be7 7. Nxe5 Nxe5 8. Rxe5 O-O 9. Nc3 Bf6 10. Re1 Ne8 11. Nd5 Bg5 12. d4 Bxc1 13. Rxc1 Nf6 14. Qf3 Nxd5 15. Qxd5 d6 16. Re3 c6 17. Qb3 Qf6 18.
c3 d5 19. Rce1 b6 20. Qb4 Bf5 21. Qe7 Qg6 22. Rg3 Qh6 23. Bd3 Bxd3 24. Rxd3 a5 25. Rde3 Qg6 26. h4 h6 27. Rg3 Qf5 28. Qd6 Rae8 29. Rxe8 Rxe8 30. Qxh6 Re1+ 31. Kh2 g6 32. Rf3 Qe6 33. h5 Qd6+ 34. Rg3 Re6 35.
f4 Rf6 36. hxg6 fxg6 37. f5 Kf7 38. fxg6+ Ke6 39. Qh3+ Ke7 40. g7 1-0

[Event "FIDE World Cup 2013"]
[Site "TromsÃ¸"]
[Date "2013.08.13"]
[Round "1.3"]
[White "Korobov, Anton"]
[Black "Durarbayli, Vasif"]
[Result "1-0"]
[ECO "E21"]
[WhiteElo "2720"]
[BlackElo "2549"]
[PlyCount "61"]
[EventDate "2013.??.??"]
[EventCountry "NOR"]
[TimeControl "1500+10"]

1. d4 Nf6 2. c4 e6 3. Nf3 b6 4. Nc3 Bb4 5. e3 Bb7 6. Bd3 O-O 7. O-O Bxc3 8.
bxc3 Ne4 9. Ne1 f5 10. f3 Nf6 11. Nc2 Qe8 12. a4 Nc6 13. Rb1 d6 14. Qe2 Qh5 15. c5 dxc5 16. dxc5 Ne5 17. Nd4 Nxd3 18. Qxd3 Rad8 19. Qe2 Rfe8 20. c6 Bc8 21. Nb5 Ba6 22. c4 Qf7 23. Bb2 e5 24. Rbd1 Ra8 25. f4 exf4 26. Rxf4 Bxb5 27. axb5 Nh5 28. Rff1 a6 29. Rd7 Qg6 30. Rxc7 f4 31. Qxh5 1-0

[Event "FIDE World Cup 2013"]
[Site "TromsÃ¸"]
[Date "2013.08.13"]
[Round "1.3"]
[White "Kryvoruchko, Yuriy"]
[Black "Negi, Parimarjan"]
[Result "0-1"]
[ECO "C54"]
[WhiteElo "2678"]
[BlackElo "2634"]
[PlyCount "76"]
[EventDate "2013.??.??"]
[EventCountry "NOR"]
[TimeControl "1500+10"]

1. e4 e5 2. Nf3 Nc6 3. Bc4 Bc5 4. c3 Nf6 5. d4 exd4 6. e5 d5 7. Bb5 Ne4 8.
cxd4 Bb4+ 9. Bd2 Nxd2 10. Nbxd2 O-O 11. O-O Ne7 12. a3 Ba5 13.
Bd3 Bf5 14. Bxf5 Nxf5 15. b4 Bb6 16. Nb3 f6 17. Nc5 Bxc5 18.
bxc5 c6 19. Qd3 g6 20. exf6 Qxf6 21. Ne5 Rfe8 22. f4 b6 23. Rac1 Rac8 24. g3 Rc7 25. a4 Rec8 26. Rfe1 Kg7 27. Rc2 bxc5 28. Rxc5 Nd6 29. Rc2 Ne4 30. Rec1 Qd6 31. Qa6 Qa3 32. Kg2 Rb8 33. Qa5 Rb6 34. Nxc6 Rbxc6 35. Rxc6 Rxc6 36. Rxc6 Qb2+ 37. Kh3 Nf2+ 38. Kh4 Qe2 0-1

[Event "FIDE World Cup 2013"]
[Site "TromsÃ¸"]
[Date "2013.08.13"]
[Round "1.3"]
[White "Lou, Yiping"]
[Black "Kamsky, Gata"]
[Result "1/2-1/2"]
[ECO "C05"]
[WhiteElo "2483"]
[BlackElo "2763"]
[PlyCount "134"]
[EventDate "2013.??.??"]
[EventCountry "NOR"]
[TimeControl "1500+10"]

1. d4 e6 2. e4 d5 3. Nd2 Nf6 4. e5 Nfd7 5. c3 c5 6. Bd3 Nc6 7. Ngf3 a6 8.
O-O b5 9. Re1 Qb6 10. a4 Bb7 11. Ng5 Be7 12. axb5 axb5 13. Rxa8+ Bxa8 14. Qg4 cxd4 15. Ndf3 dxc3 16. Nxh7 g6 17. Nf6+ Kd8 18.
Nxd7 Kxd7 19. bxc3 b4 20. Be3 Qa5 21. c4 dxc4 22. Qxc4 Rc8 23. Rd1 Ke8 24. Bxg6 Rd8 25. Rxd8+ Nxd8 26. Bc2 Bd5 27. Qd3 b3 28. Bb1 Nc6 29. h4 Bxf3 30. gxf3 Nxe5 31. Qxb3 Nxf3+ 32. Kg2 Nxh4+ 33. Kf1 Qa8 34. Qb5+ Kf8 35. Qh5 Qa1 36. Qb5 Nf5 37. Ke2 Nd4+ 38. Bxd4 Qxd4 39. Qd3 Qb6 40. Qe4 Bc5 41. f3 Qb2+ 42. Bc2 Qc3 43. Qa8+ Kg7 44. Qe4 Bb6 45. Qg4+ Kf8 46. Qe4 Qc5 47. f4 Qf2+ 48. Kd3 Bc7 49. f5 exf5 50. Qc6 Qf1+ 51. Kc3 Be5+ 52. Kb3 Kg7 53. Qc4 Qf2 54. Qd5 Qb6+ 55. Kc4 Qa6+ 56. Kb3 Qb6+ 57. Kc4 Kf6 58. Ba4 Qa6+ 59. Kb3 Qb6+ 60. Kc4 Qe3 61. Qc6+ Kg5 62. Qg2+ Bg3 63. Bc6 Qf4+ 64. Kd3 Qe5 65. Bd5 f6 66. Qf3 f4 67. Qe4 Qxe4+ 1/2-1/2

[Event "FIDE World Cup 2013"]
[Site "TromsÃ¸"]
[Date "2013.08.13"]
[Round "1.3"]
[White "Lupulescu, Constantin"]
[Black "Sasikiran, Krishnan"]
[Result "1/2-1/2"]
[ECO "A38"]
[WhiteElo "2650"]
[BlackElo "2660"]
[PlyCount "69"]
[EventDate "2013.??.??"]
[EventCountry "NOR"]
[TimeControl "1500+10"]

1. c4 c5 2. Nf3 Nf6 3. Nc3 Nc6 4. g3 g6 5. Bg2 Bg7 6. d4 cxd4 7. Nxd4 O-O 8. O-O Qa5 9. e3 Ne5 10. Qe2 d6 11. Bd2 Bg4 12. f3 Bd7 13. Rac1 Rfc8 14. b3 Qd8 15. Rfd1 a6 16. Be1 Rab8 17. Kh1 Nc6 18. a4 h5 19. h3 Nxd4 20. exd4 Bh6 21. Rb1 b5 22. cxb5 axb5 23. Nxb5 Bxb5 24. axb5 Qd7 25. f4 Rxb5 26. d5 Rcb8 27. Qe3 Qf5 28. Qd3 h4 29. g4 Qxd3 30. Rxd3 Bxf4 31. Bxh4 Nd7 32. Be1 g5 33. b4 Nf6 34. Rbd1 Rxb4 35. Bxb4 1/2-1/2

[Event "FIDE World Cup 2013"]
[Site "TromsÃ¸"]
[Date "2013.08.13"]
[Round "1.3"]
[White "Najer, Evgeniy"]
[Black "Bruzon Batista, Lazaro"]
[Result "0-1"]
[ECO "C84"]
[WhiteElo "2628"]
[BlackElo "2691"]
[PlyCount "90"]
[EventDate "2013.??.??"]
[EventCountry "NOR"]
[TimeControl "1500+10"]

1. e4 e5 2. Nf3 Nc6 3. Bb5 a6 4. Ba4 Nf6 5. O-O Be7 6. d3 d6 7. c3 O-O 8.
Nbd2 Re8 9. Re1 Bf8 10. h3 b5 11. Bc2 Bb7 12. Nf1 Nb8 13. Ng3 Nbd7 14. d4 g6 15. Bg5 h6 16. Bd2 Bg7 17. Rc1 c6 18. Bb1 Qc7 19. h4 h5 20.
Bg5 Nh7 21. Be3 Ndf6 22. Nh2 Rad8 23. f4 exf4 24. Bxf4 c5 25. Qd2 cxd4 26. cxd4 Qb6 27. Kh1 Rd7 28. Re2 Rde7 29. Rce1 Bc8 30. a3 Ng4 31. Nf3 Nf8 32. e5 dxe5 33. Nxe5 Nxe5 34. Bxe5 Qd8 35. Qc1 Rxe5 36. dxe5 Qxh4+ 37. Kg1 Qxg3 38. Ba2 Be6 39. Qc6 Rd8 40. Qb6 Qg5 41. Bxe6 Nxe6 42. Qxa6 Nf4 43. Rc2 Bxe5 44. Qb7 Bd4+ 45. Kf1 Qh4 0-1

[Event "FIDE World Cup 2013"]
[Site "TromsÃ¸"]
[Date "2013.08.13"]
[Round "1.3"]
[White "Popov, Ivan"]
[Black "Ragger, Markus"]
[Result "0-1"]
[ECO "C58"]
[WhiteElo "2632"]
[BlackElo "2680"]
[PlyCount "140"]
[EventDate "2013.??.??"]
[EventCountry "NOR"]
[TimeControl "1500+10"]

1. e4 e5 2. Nf3 Nc6 3. Bc4 Nf6 4. Ng5 d5 5. exd5 Na5 6. Bb5+ c6 7. dxc6 bxc6 8. Bd3 Nd5 9. Nf3 Bd6 10. O-O Nf4 11. Re1 Nxd3 12. cxd3 O-O 13. Nc3 Re8 14. Ne4 c5 15. b3 Bf8 16. Ba3 Nc6 17. Bxc5 f5 18.
Neg5 Bxc5 19. Qc2 Qd5 20. Rac1 Bxf2+ 21. Kxf2 Nb4 22. Rxe5 Rxe5 23. Qxc8+ Re8 24. Qc4 Nxd3+ 25. Kg3 f4+ 26. Kg4 Rad8 27. Qxd5+ Rxd5 28. Rc4 h6 29. Nh3 Re2 30. Nxf4 Nxf4 31. Kxf4 Rxg2 32. Rc7 Rd8 33. Rxa7 Rf8+ 34. Ke3 Re8+ 35. Kd3 Rf2 36. Nd4 Rxh2 37. a4 Rd8 38. Kc3 Rc8+ 39. Kb4 Rxd2 40. Nf5 Rb8+ 41. Kc3 Rg2 42. b4 Rg5 43. Ne7+ Kh7 44. b5 h5 45. Nc6 Rf8 46. Kb4 Rf4+ 47. Ka5 h4 48. Rd7 h3 49. Rd1 Rgg4 50. Kb6 Rxa4 51. Rh1 Rh4 52. Kc7 Rac4 53. Kd7 Rh6 54. Ne5 Rc5 55. Nf7 Rb6 56. Rxh3+ Kg8 57. Nd8 Rd5+ 58. Ke7 Re5+ 59. Kd7 Rbxb5 60. Nc6 Rbd5+ 61. Kc7 Re6 62. Rc3 Rf5 63. Kd7 Rff6 64. Ne7+ Kf7 65. Nc8 Re1 66. Nd6+ Kg8 67. Rd3 Ra1 68. Nc8 Raa6 69. Re3 Rf7+ 70. Ke8 Ra8 0-1

[Event "FIDE World Cup 2013"]
[Site "TromsÃ¸"]
[Date "2013.08.13"]
[Round "1.3"]
[White "Postny, Evgeny"]
[Black "Li, Chao b"]
[Result "0-1"]
[ECO "D17"]
[WhiteElo "2631"]
[BlackElo "2686"]
[PlyCount "86"]
[EventDate "2013.??.??"]
[EventCountry "NOR"]
[TimeControl "1500+10"]

1. d4 d5 2. c4 c6 3. Nf3 Nf6 4. Nc3 dxc4 5. a4 Bf5 6. Ne5 Nbd7 7. Nxc4 Qc7 8. g3 e5 9. dxe5 Nxe5 10. Bf4 Rd8 11. Qc1 Bd6 12. Nxd6+ Qxd6 13. Bg2 O-O 14. O-O a5 15. Rd1 Qe7 16. h3 Ng6 17. Be3 Qb4 18.
Bd2 Qb3 19. e4 Be6 20. Ra3 Qb6 21. Be3 Qb4 22. Rxd8 Rxd8 23. f4 Bb3 24. e5 Ne8 25. Kh2 f6 26. Ne4 fxe5 27. f5 Nf8 28. Bc5 Qc4 29. Qg5 Rd7 30.
Bxf8 Kxf8 31. Nd2 Qc1 32. Ne4 Qxb2 33. Rxb3 Qxb3 34. Nc5 Qf7 35. Qe3 Re7 36. g4 Qc4 37. Ne4 Nf6 38. Nxf6 gxf6 39. Qh6+ Ke8 40. Qxf6 Qf4+ 41. Kh1 Rd7 42. Qe6+ Kd8 43. Qb3 e4 0-1

[Event "FIDE World Cup 2013"]
[Site "TromsÃ¸"]
[Date "2013.08.13"]
[Round "1.3"]
[White "Shimanov, Aleksandr"]
[Black "Jones, Gawain C B"]
[Result "1/2-1/2"]
[ECO "E81"]
[WhiteElo "2664"]
[BlackElo "2643"]
[PlyCount "217"]
[EventDate "2013.??.??"]
[EventCountry "NOR"]
[TimeControl "1500+10"]

1. d4 Nf6 2. c4 g6 3. Nc3 Bg7 4. e4 d6 5. f3 O-O 6. Be3 c5 7. dxc5 dxc5 8.
Qxd8 Rxd8 9. Bxc5 Nc6 10. Nge2 Nd7 11. Be3 Nde5 12. Nf4 Na5 13. Ncd5 Nexc4 14. Bc5 e6 15. Nc7 Bxb2 16. Rd1 Bc3+ 17. Ke2 Rxd1 18. Kxd1 b6 19. Nxa8 bxc5 20. Bxc4 Nxc4 21. Nd3 Ne3+ 22. Ke2 Bd4 23. Nc7 c4 24. Rb1 Nxg2 25. Rb8 cxd3+ 26. Kxd3 Bg1 27. Rxc8+ Kg7 28. Ne8+ Kh6 29. Rc7 f5 30. Nf6 g5 31. Rxh7+ Kg6 32. e5 Nf4+ 33. Kc4 Nd5 34. Rh8 Nxf6 35. exf6 Kxf6 36. a4 Ke5 37. h4 gxh4 38. Rxh4 Bf2 39. Rh2 Bb6 40. Kd3 Kd5 41. Rh4 Bf2 42. Rb4 Bc5 43. Rb7 e5 44. Rd7+ Ke6 45. Rh7 Bb6 46. Rh5 Kf6 47. Rh4 Bf2 48. Rb4 Kg5 49. a5 Be1 50. Rb5 Kf4 51. Ke2 Bc3 52. a6 Bd4 53.
Rb4 Kg3 54. Rb3 Kf4 55. Rd3 Bb6 56. Rb3 Bd4 57. Rb1 Kg3 58. Rh1 Kf4 59. Rh4+ Kg3 60. Rh5 Kf4 61. Rh3 Bb6 62. Rh7 Bd4 63. Rf7 e4 64. fxe4 Kxe4 65. Re7+ Kd5 66. Kd3 Bb6 67. Rf7 Ke5 68. Rb7 Bg1 69. Rb1 Bf2 70.
Rb5+ Kf4 71. Rb2 Bg1 72. Rb1 Bf2 73. Rb5 Bg1 74. Ke2 Ke4 75. Rb4+ Bd4 76. Rb7 Bc5 77. Rb8 Bd4 78. Re8+ Kf4 79. Kd3 Bf2 80. Rf8 Ke5 81. Ke2 Bc5 82. Re8+ Kf4 83. Rc8 Bd4 84. Re8 Bb6 85. Re6 Bg1 86. Rg6 Bc5 87. Rh6 Ke4 88. Re6+ Kf4 89. Kd3 Bg1 90. Kc4 Kf3 91. Kd5 f4 92. Ke5 Be3 93. Rf6 Bd2 94. Rf8 Bc3+ 95. Kf5 Bd4 96. Rf7 Bf2 97. Rb7 Be3 98. Rb3 Ke2 99. Ke4 Kd2 100. Rb7 Kc3 101. Rb5 Kc4 102. Rf5 Kb4 103. Kd3 Bb6 104. Ke4 Be3 105. Rh5 Kc4 106. Rf5 Kb4 107. Kd3 Bb6 108. Rxf4+ Kb5 109. Ke4 1/2-1/2

[Event "FIDE World Cup 2013"]
[Site "TromsÃ¸"]
[Date "2013.08.13"]
[Round "1.3"]
[White "Svidler, Peter"]
[Black "Ushenina, Anna"]
[Result "1-0"]
[ECO "A00"]
[WhiteElo "2746"]
[BlackElo "2500"]
[PlyCount "119"]
[EventDate "2013.??.??"]
[EventCountry "NOR"]
[TimeControl "1500+10"]

1. g3 d5 2. Bg2 c6 3. d3 e5 4. Nf3 Bd6 5. O-O Ne7 6. e4 O-O 7. Re1 dxe4 8.
dxe4 f6 9. Nbd2 Be6 10. Qe2 Bc5 11. Rd1 Qc7 12. Nb3 Bb6 13. a4 a5 14. Nfd2 Rd8 15. Re1 Nd7 16. Nc4 Ba7 17. Bd2 b6 18. Red1 Nf8 19. Be3 Rxd1+ 20. Rxd1 Rb8 21. Bf1 Ra8 22. Qd2 b5 23. axb5 cxb5 24. Qxa5 Qxa5 25. Ncxa5 Bxe3 26. fxe3 Rc8 27. c3 Bd7 28. Rd6 Nc6 29. Bxb5 Nxa5 30. Bxd7 Nxd7 31. Nxa5 Nc5 32. Rc6 Rxc6 33. Nxc6 Nxe4 34. Kg2 Kf7 35. Kf3 Nc5 36. b4 Na4 37. c4 Ke6 38. Ke2 Nb2 39. Na5 e4 40.
Kd2 Ke5 41. Kc2 Nd3 42. Kc3 f5 43. Nc6+ Kd6 44. Nd4 g6 45. b5 Kc5 46. Ne6+ Kb6 47. Nf8 Ne5 48. Kd4 Ng4 49. h3 Nf2 50. h4 h5 51. Nxg6 Nh1 52.
Nf4 Nxg3 53. Nd5+ Ka5 54. Ke5 Nf1 55. b6 Ka6 56. Kd6 Nxe3 57.
Nxe3 f4 58. Kc7 fxe3 59. b7 e2 60. b8=Q 1-0